 Dungeon Crawl Stone Soup version 0.22-a0-542-gce4f928 (webtiles) character file.

343 pk666 the Magician (level 6, 0/32 HPs)
             Began as a Deep Elf Fire Elementalist on June 25, 2018.
             Killed themself with a badly aimed iceblast (5 damage)
             ... on level 4 of the Dungeon.
             The game lasted 00:05:58 (3126 turns).

pk666 the Magician (Deep Elf Fire Elementalist)     Turns: 3126, Time: 00:05:59

Health: 0/32       AC:  8    Str:  5    XL:     6   Next: 31%
Magic:  9/15       EV: 13    Int: 22    God:
Gold:   303        SH:  0    Dex: 15    Spells: 7/15 levels left

rFire    . . .     SeeInvis .   (no weapon)
rCold    . . .     Gourm    .   (no shield)
rNeg     . . .     Faith    .   a - +0 robe
rPois    .         Spirit   .   (no helmet)
rElec    .         Reflect  .   t - +2 cloak
rCorr    .         Harm     .   (no gloves)
MR       .....                  (no boots)
Stlth    ++........             (no amulet)
HPRegen  0.10/turn              d - +3 ring of protection
MPRegen  0.14/turn              (no ring)

@: lethally poisoned (0 -> -1), very slightly contaminated, invisible
A: no striking features
a: no special abilities


You were on level 4 of the Dungeon.
You were hungry.

You visited 1 branch of the dungeon, and saw 4 of its levels.

You collected 303 gold pieces.

Inventory:

Armour
 a - a +0 robe (worn)
 t - a +2 cloak (worn)
Jewellery
 d - a +3 ring of protection (left hand)
Wands
 l - a wand of random effects (25)
Scrolls
 b - 5 scrolls of identify {unknown}
 e - 5 scrolls of remove curse {unknown}
 g - 2 scrolls of magic mapping {unknown}
 j - a scroll of teleportation {unknown}
 r - a scroll of immolation {unknown}
Potions
 f - 3 potions of lignification {unknown}
 h - a potion of invisibility {unknown}
 i - a potion of brilliance {unknown}
 k - 5 potions of agility {unknown}
 m - a potion of haste {unknown}
 o - a potion of ambrosia {unknown}
 p - 2 potions of resistance {unknown}
 s - 2 potions of degeneration {unknown}
Comestibles
 c - 12 rations


   Skills:
 - Level 2.4 Dodging
 - Level 2.4 Stealth
 + Level 5.1 Spellcasting
 * Level 5.0 Conjurations
 + Level 4.8 Fire Magic


You had 7 spell levels left.
You knew the following spells:

 Your Spells              Type           Power        Failure   Level  Hunger
a - Flame Tongue          Conj/Fire      ####.        1%          1    None
b - Sticky Flame          Conj/Fire      ####....     13%         4    ####...
c - Conjure Flame         Conj/Fire      ####....     4%          3    ##.....

Your spell library contained the following spells:

 Spells                   Type           Power        Failure   Level  Hunger
 Fireball                 Conj/Fire      ####......   36%         5    #####..
 Throw Flame              Conj/Fire      ####..       1%          2    None
 Inner Flame              Hex/Fire       ###.....     11%         3    ##.....


Dungeon Overview and Level Annotations

Branches:
Dungeon (4/15)
 Temple: D:4-7

Altars:
Ashenzari
Gozag
Xom


Message History

There is an open door here.
You feel sick.
You feel sick.
You miss something. Something hits you but does no damage.
You fade into invisibility!
You are very lightly contaminated with residual magic.
You miss something. Something hits you but does no damage.
Something hits you but does no damage.
You feel sick.
A crimson imp appears from thin air!
Reactivating autopickup.
Evoke which item? (* to show all) (? for menu, Esc to quit)
Aiming: Random Effects
Press: ? - help, Shift-Dir - straight line, f - crimson imp
Aim: a crimson imp, wielding a dagger of chaos (fast, hasn't noticed you)
The mass of ice explodes!
The iceblast engulfs the crimson imp.
The crimson imp is frozen!
You kill the crimson imp!
Your Conjurations skill increases to level 5!
The iceblast engulfs you!
You die...

#.# ##...##
###.# #.# ##'##
#.# #.# #.# #.#
#.# #.# #.#
##.## #.#
######...## #.#
#.........# ###
#.###..).##
#.###.#@######.#
...............#
#.###.#..#####..
####'####
#.......# ###
###._.### # ...
#.......# ...#
####'#### .#.##
#..#


There were no monsters in sight!

Vanquished Creatures
  A howler monkey (D:4)
  2 crimson imps (D:4)
  Crazy Yiuf (D:3)
  An iguana (D:4)
  A worker ant (D:4)
  A howler monkey skeleton (D:4)
  4 gnolls (D:3)
  3 adders (D:2)
  An ooze (D:1)
  A worm (D:3)
  4 dart slugs
  4 leopard geckos
  3 orcs (D:4)
  A ball python (D:3)
  6 bats
  4 giant cockroaches
  4 goblins
  8 hobgoblins
  7 kobolds
  3 frilled lizards
  7 rats
67 creatures vanquished.

Notes
Turn   | Place    | Note
-------+----------+-------------------------------------------
     0 | D:1      | pk666 the Deep Elf Fire Elementalist began the quest for the Orb.
     0 | D:1      | Reached XP level 1. HP: 10/10 MP: 6/6
   132 | D:1      | Reached XP level 2. HP: 15/15 MP: 5/8
   655 | D:1      | Reached XP level 3. HP: 17/19 MP: 6/10
  1094 | D:2      | Found a shattered altar of Ashenzari.
  1423 | D:2      | Reached XP level 4. HP: 24/24 MP: 9/11
  1474 | D:2      | Learned a level 4 spell: Sticky Flame
  1478 | D:2      | Learned a level 3 spell: Conjure Flame
  2219 | D:3      | Reached XP level 5. HP: 28/28 MP: 11/13
  2550 | D:3      | Found a runed door.
  2554 | D:3      | Noticed Crazy Yiuf
  2564 | D:3      | Killed Crazy Yiuf
  3058 | D:4      | Found a shimmering altar of Xom.
  3063 | D:4      | Found an opulent altar of Gozag.
  3094 | D:4      | Reached XP level 6. HP: 20/32 MP: 4/15
  3098 | D:4      | Reached skill level 5 in Spellcasting
  3126 | D:4      | Reached skill level 5 in Conjurations
  3126 | D:4      | Killed themself with a badly aimed iceblast

Vault maps used:
D:1:      scummos_arrival_forest
D:2:      evilmike_ruin_ashenzari, first_ration
D:3:      uniq_crazy_yiuf_cottage
D:4:      led_xom_imps, lemuel_round_altar, amethyst_overflow_temple_binary,
          nicolae_gozag_seed_capital

Skill      XL: |  1  2  3  4  5  6 |
---------------+-------------------+-----
Conjurations   | 2 3 4 5 |  5.0
Spellcasting   | 4 5 |  5.1
Fire Magic     | 4 |  4.8
Dodging        | |  2.4
Stealth        | |  2.4

Action                   |  1- 3 |  4- 6 || total
-------------------------+-------+-------++-------
Melee: Unarmed           |       |     2 ||     2
 Cast: Flame Tongue      |    72 |    72 ||   144
       Conjure Flame     |       |     1 ||     1
Evoke: Wand              |       |    10 ||    10
  Use: Potion            |       |     1 ||     1
  Eat: Chunk             |     1 |     5 ||     6
Armor: Robe              |     7 |    18 ||    25
Dodge: Dodged            |    10 |    11 ||    21

Table legend:
 A = Spawn XP
 B = Non-spawn XP
 C = Spawn XP percentage of total XP
 D = Spawn monster count
 E = Non-spawn monster count
 F = Spawn count percentage of total count
 G = Total turns spent on level
                    A         B        C        D         E        F      G
               +---------+---------+-------+---------+---------+-------+---------
         Total |       0 |     490 |   0.0 |       0 |      67 |   0.0 |  3126
               +---------+---------+-------+---------+---------+-------+---------
           D:1 |       0 |      54 |   0.0 |       0 |      24 |   0.0 |  1083
           D:2 |       0 |      65 |   0.0 |       0 |      17 |   0.0 |   798
           D:3 |       0 |     120 |   0.0 |       0 |      16 |   0.0 |   842
           D:4 |       0 |     251 |   0.0 |       0 |      10 |   0.0 |   403
               +---------+---------+-------+---------+---------+-------+---------
